 Dungeon Sprint DCSS version 0.29-a0-284-gf9362112df (webtiles) character file.

Game seed: 13932524885636903375

54041 mhtbhm the Axe Maniac (level 14, -2/252 HPs)
             Began as a Minotaur Berserker on Mar 20, 2022.
             Was the Champion of Trog.
             Splashed by the Royal Jelly's acid (5 damage)
             ... in the Dungeon (Sprint VII: "The Pits").
             The game lasted 00:09:14 (4495 turns).

mhtbhm the Axe Maniac (Minotaur Berserker)          Turns: 4495, Time: 00:09:14

Health: -2/252     AC: 20    Str: 31    XL:     14   Next: 33%
Magic:  13/13      EV: 11    Int:  4    God:    Trog [******]
Gold:   36         SH:  0    Dex: 10    Spells: 13/13 levels left

rFire   + + .      SeeInvis .   s - +7 battleaxe of the Ghost {vorpal, *Rage rElec Will+ Str+4}
rCold   + . .      Faith    .   (shield currently unavailable)
rNeg    . . .      Spirit   .   b - +0 gold dragon scales
rPois   +          Reflect  .   (helmet restricted)
rElec   +          Harm     .   o - +2 cloak {rCorr}
rCorr   +          Rampage  .   p - +0 pair of gloves
Will    ++++.      Rage     20% (no boots)
Stlth   .......... NoTele   +   (no amulet)
HPRegen 0.52/turn               E - ring "Byidwuc" {Contam rElec rF+ Will++ AC+4}
MPRegen 0.13/turn               A - +4 ring of slaying

@: berserking, corroded, studying Short Blades, very quick
A: horns 2, retaliatory headbutt, deformed body
a: Renounce Religion, Berserk, Trog's Hand, Brothers in Arms


You were in the Dungeon.
You worshipped Trog.
Trog was exalted by your worship.
You visited 1 branch You collected 36 gold pieces.

Inventory:

Hand Weapons
 a - a +2 executioner's axe of flaming
 n - the +5 demon whip "Spellbinder" {antimagic, Will+}
   (You found it in the Dungeon)

   It reduces the magical energy of the wielder, and disrupts the spells and
   magical abilities of those it strikes.
   Natural abilities and divine invocations are not affected.
   It unleashes wild and unpredictable magical effects upon striking a wizard or
   a creature with magical abilities.
   Will:      It increases your willpower.
 r - a +7 antimagic broad axe
 s - the +7 battleaxe of the Ghost (weapon) {vorpal, *Rage rElec Will+ Str+4}
   (Trog gifted it to you in the Dungeon)

   It inflicts extra damage upon your enemies.
   Str:       It affects your strength (+4).
   rElec:     It insulates you from electricity.
   *Rage:     It berserks you when you make melee attacks (+20% chance).
   Will:      It increases your willpower.
Missiles
 c - a curare-tipped dart
 m - 3 silver javelins (quivered)
Armour
 b - +0 gold dragon scales (worn)
 o - a +2 cloak of preservation (worn)
 p - a +0 pair of gloves (worn)
Jewellery
 l - a +4 ring of evasion
 y - a +4 ring of protection
 A - a +4 ring of slaying (right hand)
 B - a +4 ring of protection
 C - a ring of protection from fire
 E - the ring "Byidwuc" (left hand) {Contam rElec rF+ Will++ AC+4}
   (You found it in the Dungeon)

   [ring of protection]

   AC:        It affects your AC (+4).
   rF:        It protects you from fire.
   rElec:     It insulates you from electricity.
   Contam:    It causes magical contamination when unequipped.
   Will:      It greatly increases your willpower.
 F - a ring of resist corrosion
Wands
 q - a wand of polymorph (7)
Scrolls
 h - a scroll of blinking
 j - 2 scrolls of summoning
 t - a scroll of identify
 u - 6 scrolls of fog
 v - 7 scrolls of enchant weapon
 D - a scroll of immolation
Potions
 d - 9 potions of heal wounds
 e - 3 potions of haste
 f - 5 potions of magic
 g - 4 potions of berserk rage
 i - 2 potions of invisibility
 k - 12 potions of curing
 w - a potion of resistance
 x - a potion of might
 z - a potion of flight
Miscellaneous
 G - a box of beasts
 H - a condenser vane


   Skills:
 O Level 27 Fighting
 O Level 27 Axes
 + Level 2.2 Throwing
 + Level 22.4 Armour
 + Level 11.6 Dodging
 + Level 9.4 Stealth
 + Level 3.4 Evocations


You had 13 spell levels left.
You didn't know any spells.
Your spell library was empty.

Dungeon Overview and Level Annotations

Branches:
Dungeon (1/1)

Altars:
Gozag
Hepliaklqana
Sif Muna
Trog
Jiyva

Annotations:
D Royal Jelly


Innate Abilities, Weirdness & Mutations

You have a pair of horns on your head.
You reflexively headbutt those who attack you in melee.
Armour fits poorly on your strangely shaped body.


Message History

You slice the Royal Jelly!!
Your hands burn!
The Royal Jelly is heavily wounded.
The Royal Jelly shudders violently.
The Royal Jelly spits out three more jellies.
The Royal Jelly hits you!! The acid corrodes you!
You are splashed with acid.
You resist. The Royal Jelly hits you!
* * * LOW HITPOINT WARNING * * *
You are splashed with acid.
You resist.
* * * LOW HITPOINT WARNING * * *
You slice the Royal Jelly like a ripe choko!!!
Your hands burn!
* * * LOW HITPOINT WARNING * * *
The Royal Jelly is severely wounded.
You slash the acid blob!
Your hands burn!
* * * LOW HITPOINT WARNING * * *
You slash the Royal Jelly!
Your hands burn!
* * * LOW HITPOINT WARNING * * *
You headbutt the Royal Jelly!
The Royal Jelly is severely wounded.
You slice the acid blob!!
Your hands burn!
* * * LOW HITPOINT WARNING * * *
The Royal Jelly hits you.
* * * LOW HITPOINT WARNING * * *
You are splashed with acid.
You resist.
* * * LOW HITPOINT WARNING * * *
The Royal Jelly hits you!
* * * LOW HITPOINT WARNING * * *
You are splashed with acid.
You resist.
* * * LOW HITPOINT WARNING * * *
The acid blob closely misses you.
Unknown command.
You slice the Royal Jelly!!
Your hands burn!
* * * LOW HITPOINT WARNING * * *
The Royal Jelly is almost dead.
You slice the acid blob!!
Your hands burn!
* * * LOW HITPOINT WARNING * * *
The Royal Jelly hits you!!
* * * LOW HITPOINT WARNING * * *
You are splashed with acid.
You resist.
You die...

#+#
#J#
#J#
#@#
#J#
#J#
#'#
#.#
#'#
#.#
#[#
##.##


You could see the Royal Jelly, 2 acid blobs and a quicksilver ooze.

Vanquished Creatures
  Mara (D)
  An orb of fire (D)
  A royal mummy (D)
  A golden dragon (D)
  2 pearl dragons (D)
  A Hell Sentinel (D)
  An Ice Fiend (D)
  A lich (D)
  A deep elf master archer (D)
  An azure jelly (D)
  A rockslime (D)
  A quicksilver ooze (D)
  2 red draconians (D)
  A lorocyproca (D)
  A merfolk javelineer (D)
  An ettin (D)
  A fire dragon (D)
  2 great orbs of eyes (D)
  Erolcha (D)
  An ogre mage (D)
  A catoblepas (D)
  An anaconda (D)
  A centaur warrior (D)
  2 two-headed ogres (D)
  5 death yaks (D)
  A spriggan (D)
  2 shadow wraiths (D)
  5 skeletal warriors (D)
  A deep troll (D)
  A deep elf pyromancer (D)
  7 harpies (D)
  A deep elf zephyrmancer (D)
  A wizard (D)
  Joseph (D)
  A gargoyle (D)
  An orange demon (D)
  An unseen horror (D)
  A yaktaur (D)
  2 kobold demonologists (D)
  A cane toad (D)
  A demonic crawler (D)
  A guardian mummy (D)
  3 merfolk (D)
  Prince Ribbit (D)
  A hornet (D)
  2 trolls (D)
  2 dream sheep (D)
  A wyvern (D)
  3 yaks (D)
  A vampire (D)
  A redback (D)
  A steam dragon (D)
  3 vampire mosquitoes (D)
  4 hell hounds (D)
  Pargi (D)
  An orc warrior (D)
  2 black bears (D)
  An ogre (D)
  4 centaurs (D)
  A phantom (D)
  A kobold brigand (D)
  3 bullfrogs (D)
  A scorpion (D)
  A small abomination (D)
  4 killer bees (D)
  3 jellies (D)
  2 orc priests (D)
  A gnoll shaman (D)
  An iguana (D)
  3 orc wizards (D)
  An adder (D)
  2 gnolls (D)
  A river rat (D)
  2 adder skeletons (D)
  2 worms (D)
  9 orcs (D)
  A ball python (D)
  A bat zombie (D)
  2 endoplasms (D)
  A hobgoblin (D)
  11 jackals (D)
  A quokka (D)
  A giant cockroach zombie (D)
150 creatures vanquished.

Vanquished Creatures (collateral kills)
  Dissolution (D)
  A ghost moth (D)
  A reaper (D)
  2 harpies (D)
  A komodo dragon (D)
  A hellwing (D)
  A merfolk (D)
  2 dream sheep (D)
  A hornet (D)
  A spriggan (D)
  An earth elemental (D)
  An adder (D)
  A bat simulacrum (D)
15 creatures vanquished.

Vanquished Creatures (others)
  A komodo dragon (D)
1 creature vanquished.

Grand Total: 166 creatures vanquished

Notes
Turn   | Place    | Note
-------+----------+-------------------------------------------
     0 | D        | mhtbhm the Minotaur Berserker began the quest for the Orb.
     0 | D        | Reached XP level 1. HP: 19/19 MP: 0/0
   166 | D        | Reached ** piety under Trog
   167 | D        | Reached skill level 5 in Axes
   167 | D        | Reached XP level 2. HP: 26/28 MP: 1/1
   196 | D        | Noticed a scorpion
   204 | D        | Killed a scorpion
   205 | D        | Reached XP level 3. HP: 21/38 MP: 2/2
   205 | D        | Reached XP level 4. HP: 24/45 MP: 3/3
   347 | D        | Reached *** piety under Trog
   354 | D        | Noticed a kobold brigand
   367 | D        | Killed a kobold brigand
   367 | D        | Reached **** piety under Trog
   368 | D        | Reached XP level 5. HP: 12/53 MP: 4/4
   638 | D        | Found a bloodstained altar of Trog.
   638 | D        | Found a shimmering blue altar of Sif Muna.
   638 | D        | Found a viscous altar of Jiyva.
   638 | D        | Found a hazy altar of Hepliaklqana.
   638 | D        | Found an opulent altar of Gozag.
   660 | D        | Noticed a centaur
   663 | D        | Noticed Prince Ribbit
   663 | D        | Noticed a phantom
   666 | D        | Killed a centaur
   667 | D        | Reached skill level 5 in Dodging
   679 | D        | Killed a phantom
   680 | D        | Reached skill level 10 in Axes
   680 | D        | Reached skill level 5 in Armour
   680 | D        | Reached XP level 6. HP: 64/64 MP: 5/5
   686 | D        | Killed Prince Ribbit
   687 | D        | Reached skill level 10 in Fighting
   687 | D        | Reached skill level 1 in Stealth
   687 | D        | Reached XP level 7. HP: 73/73 MP: 6/6
   702 | D        | Reached ***** piety under Trog
   800 | D        | Received a gift from Trog
   817 | D        | Noticed a demonic crawler
   824 | D        | Killed a demonic crawler
   824 | D        | Received a gift from Trog
   825 | D        | Reached XP level 8. HP: 83/83 MP: 7/7
   863 | D        | Found the +5 demon whip "Spellbinder" {antimagic, Will+}
   998 | D        | Reached ****** piety under Trog
  1007 | D        | Noticed an orange demon
  1007 | D        | Noticed a deep troll
  1013 | D        | Killed a deep troll
  1014 | D        | Reached skill level 15 in Axes
  1018 | D        | Reached XP level 9. HP: 64/93 MP: 8/8
  1020 | D        | Killed an orange demon
  1021 | D        | Reached skill level 10 in Armour
  1287 | D        | Killed a shadow wraith
  1299 | D        | Noticed a great orb of eyes
  1301 | D        | Noticed a troll
  1301 | D        | Paralysed by a great orb of eyes for 2 turns
  1305 | D        | Killed a great orb of eyes
  1307 | D        | Killed a troll
  1307 | D        | Received a gift from Trog
  1352 | D        | Noticed a death yak
  1364 | D        | Killed a death yak
  1365 | D        | Reached XP level 10. HP: 69/104 MP: 9/9
  1671 | D        | Received a gift from Trog
  1672 | D        | Reached skill level 15 in Fighting
  1681 | D        | Noticed Joseph
  1690 | D        | Killed Joseph
  1690 | D        | Received a gift from Trog
  1723 | D        | Noticed a centaur warrior
  1727 | D        | Killed a centaur warrior
  1742 | D        | Received a gift from Trog
  1743 | D        | Noticed a rust devil
  1745 | D        | Noticed an orange demon
  1782 | D        | Noticed a gargoyle
  1783 | D        | Noticed a harpy
  1783 | D        | Noticed a harpy
  1783 | D        | Noticed a harpy
  1784 | D        | Noticed a deep elf pyromancer
  1787 | D        | Received a gift from Trog
  1790 | D        | Killed a harpy
  1790 | D        | Killed a harpy
  1793 | D        | Killed a gargoyle
  1793 | D        | Received a gift from Trog
  1794 | D        | Reached XP level 11. HP: 114/114 MP: 10/10
  1801 | D        | Killed a shadow wraith
  1801 | D        | Noticed a harpy
  1802 | D        | Killed a harpy
  1811 | D        | Killed a deep elf pyromancer
  1812 | D        | Killed a harpy
  1975 | D        | Noticed a death yak
  1975 | D        | Noticed a death yak
  1975 | D        | Noticed a death yak
  1982 | D        | Killed a death yak
  1982 | D        | Received a gift from Trog
  1983 | D        | Killed a death yak
  1985 | D        | Reached skill level 10 in Dodging
  1985 | D        | Killed a death yak
  2217 | D        | Noticed Pargi
  2221 | D        | Identified the +7 battleaxe of the Ghost {vorpal, *Rage
                  | rElec Will+ Str+4} (Trog gifted it to you in the Dungeon)
  2221 | D        | Received a gift from Trog
  2223 | D        | Noticed a soul eater
  2223 | D        | Killed Pargi
  2386 | D        | Noticed a deep elf zephyrmancer
  2387 | D        | Noticed a two-headed ogre
  2387 | D        | Noticed Erolcha
  2392 | D        | Killed a deep elf zephyrmancer
  2392 | D        | Received a gift from Trog
  2395 | D        | Killed a two-headed ogre
  2399 | D        | Received a gift from Trog
  2399 | D        | Killed Erolcha
  2405 | D        | Received a gift from Trog
  2787 | D        | Noticed a deep elf master archer
  2791 | D        | Killed a deep elf master archer
  2792 | D        | Reached XP level 12. HP: 130/130 MP: 11/11
  2875 | D        | Noticed a red draconian
  2875 | D        | Noticed a catoblepas
  2893 | D        | Killed a red draconian
  2903 | D        | Killed a catoblepas
  2903 | D        | Received a gift from Trog
  2953 | D        | Got the ring "Byidwuc" {Contam rElec rF+ Will++ AC+4}
  3027 | D        | Noticed a fire dragon
  3034 | D        | Reached skill level 15 in Armour
  3038 | D        | Noticed a great orb of eyes
  3040 | D        | Noticed a merfolk javelineer
  3043 | D        | Killed a merfolk javelineer
  3045 | D        | Received a gift from Trog
  3047 | D        | Noticed an ettin
  3050 | D        | Noticed a two-headed ogre
  3051 | D        | Killed an ettin
  3052 | D        | Killed a two-headed ogre
  3058 | D        | Killed a fire dragon
  3059 | D        | Noticed an ogre mage
  3061 | D        | Killed an ogre mage
  3061 | D        | Received a gift from Trog
  3062 | D        | Reached skill level 27 in Axes
  3063 | D        | Noticed a death yak
  3068 | D        | Reached skill level 1 in Evocations
  3070 | D        | Reached XP level 13. HP: 56/145 MP: 12/12
  3075 | D        | Identified the +7 battleaxe "Nugrumum" {antimagic, Dex+5}
                  | (Trog gifted it to you in the Dungeon)
  3075 | D        | Received a gift from Trog
  3087 | D        | Reached skill level 5 in Stealth
  3091 | D        | Killed a ghost moth
  3101 | D        | Identified the +6 battleaxe of Bomuduro {flame, +Blink
                  | rElec rC+ Int-3} (Trog gifted it to you in the Dungeon)
  3101 | D        | Received a gift from Trog
  3568 | D        | Noticed a golden dragon
  3573 | D        | Killed a golden dragon
  3661 | D        | Noticed an Ice Fiend
  3668 | D        | Killed an Ice Fiend
  3702 | D        | Noticed a pearl dragon
  3709 | D        | Killed a pearl dragon
  3709 | D        | Received a gift from Trog
  3751 | D        | Noticed Dissolution
  3751 | D        | Noticed a reaper
  3751 | D        | Noticed a royal mummy
  3751 | D        | Noticed a red draconian
  3751 | D        | Noticed a Hell Sentinel
  3760 | D        | Killed a Hell Sentinel
  3763 | D        | Killed a red draconian
  3765 | D        | Killed a lorocyproca
  3772 | D        | Killed a royal mummy
  3780 | D        | Killed Dissolution
  3781 | D        | Reached skill level 1 in Throwing
  3783 | D        | Killed a reaper
  3783 | D        | Received a gift from Trog
  4050 | D        | Noticed a pearl dragon
  4057 | D        | Killed a pearl dragon
  4058 | D        | Reached XP level 14. HP: 126/166 MP: 13/13
  4268 | D        | Noticed a lich
  4275 | D        | Killed a lich
  4276 | D        | Reached skill level 27 in Fighting
  4320 | D        | Noticed an orb of fire
  4320 | D        | Gained mutation: Armour fits poorly on your strangely
                  | shaped body. [an orb of fire]
  4328 | D        | Killed an orb of fire
  4422 | D        | Noticed Mara
  4425 | D        | Noticed mhtbhm's illusion
  4430 | D        | Killed Mara
  4481 | D        | Noticed the Royal Jelly
  4482 | D        | Noticed a rockslime
  4482 | D        | Noticed a quicksilver ooze
  4482 | D        | Noticed an azure jelly
  4486 | D        | Killed a quicksilver ooze
  4489 | D        | Killed an azure jelly
  4491 | D        | Killed a rockslime
  4492 | D        | Noticed an acid blob
  4492 | D        | Noticed an acid blob
  4492 | D        | Noticed a quicksilver ooze
  4495 | D        | HP: 3/252 [the Royal Jelly (20)]
  4495 | D        | Splashed by the Royal Jelly's acid

Illustrated notes

Levels and vault maps discovered:
D:        pitsprint [storerooms_1, entrance_room_1, metal_vault_6, armoury_3,
          mini_pit_1, grid_room_1, main_hall_1, silver_pit, the_coven_3,
          the_vestibule_1, steel_vault_3, golden_pit, hallway_of_sentries,
          crystal_vault_2, iron_vault_3, final_vault]

Skill      XL: |  1  2  3  4  5  6  7  8  9 10 11 12 13 14 |
---------------+-------------------------------------------+-----
Fighting       | 4 6 8 9 10 12 13 14 16 19 22 26 27 | 27.0
Axes           | 5 7 8 10 12 14 16 19 21 25 27 | 27.0
Dodging        | 4 6 7 8 9 10 11 | 11.6
Armour         | 3 4 5 6 8 9 11 13 14 16 20 22 | 22.4
Stealth        | 1 2 4 8 9 |  9.4
Evocations     | 1 2 3 |  3.4
Throwing       | 1 2 |  2.2

Action                   |  1- 3 |  4- 6 |  7- 9 | 10-12 | 13-15 || total
-------------------------+-------+-------+-------+-------+-------++-------
Melee: Hand axe          |    12 |    31 |    25 |       |       ||    68
       Headbutt          |       |     3 |    12 |    24 |    23 ||    62
       Punch             |       |     1 |     1 |       |       ||     2
       Executioner's axe |       |       |    36 |    85 |       ||   121
       Battleaxe         |       |       |       |    45 |    98 ||   143
Throw: Javelin           |       |       |       |       |     1 ||     1
Invok: Berserk           |       |     2 |     4 |     5 |     4 ||    15
       Brothers in Arms  |       |       |       |     2 |     2 ||     4
Evoke: Box of beasts     |       |       |       |     1 |       ||     1
       Condenser vane    |       |       |       |       |     1 ||     1
  Use: Potion            |     1 |     1 |     1 |     1 |     3 ||     7
       Scroll            |       |       |       |       |     1 ||     1
 Stab: Petrifying        |       |       |       |     2 |       ||     2
       Distracted        |       |       |       |       |     1 ||     1
Armor: Animal skin       |     1 |     1 |       |       |       ||     2
       Chain mail        |       |    11 |    45 |    92 |    19 ||   167
       Gold dragon scale |       |       |       |       |    31 ||    31
Dodge: Dodged            |    10 |    20 |    39 |    90 |    24 ||   183

Table legend: (Time is in decaauts)
 A = Elapsed time spent in this place.
 B = Non-inter-level travel time spent in this place.
 C = Inter-level travel time spent in this place.
 D = Time resting spent in this place.
 E = Time spent auto-exploring this place.
 F = Levels seen in this place.
 G = Mean time per level.
                   A        B        C        D        E       F      G
               +--------+--------+--------+--------+--------+-----+--------+
         Total |   4604 |   4604 |      0 |   2886 |    243 |   1 | 4604.0 |
       Dungeon |   4604 |   4604 |      0 |   2886 |    243 |   1 | 4604.0 |
               +--------+--------+--------+--------+--------+-----+--------+

Top non-repeatable levels by time:
       D: 4604 daAuts
